 Dungeon Crawl Stone Soup version 0.30.0-29-ga12c61a403 (webtiles) character file.

Game seed: 4202142799321412266

134945 Peloso the Hoplite (level 16, -8/149 HPs)
             Began as a Minotaur Fighter on June 23, 2023.
             Was the Champion of Okawaru.
             Mangled by a jumping spider (16 damage)
             ... while paralysed by a jorogumo
             ... on level 1 of the Spider Nest.
             The game lasted 01:21:37 (26864 turns).

Peloso the Hoplite (Minotaur Fighter)              Turns: 26864, Time: 01:21:37

Health: -8/149     AC:  5    Str: 27    XL:     16   Next: 63%
Magic:  34/34      EV:  2    Int:  5    God:    Okawaru [******]
Gold:   2752       SH:  0    Dex: 18    Spells: 15/15 levels left

rFire   . . .        a - +4 demon blade (venom)
rCold   . . .        d - +4 tower shield "Eschuhyq" {SInv}
rNeg    . . .        N - +1 chain mail of the Vaults {Slay+3}
rPois   +            Q - +2 hat of Xyall {rElec Will+ MP+9}
rElec   +            (no cloak)
rCorr   .            P - +2 pair of gloves
SInv    +            o - +2 pair of slick slippers {slick, slippery, EV+4}
Will    +++..        t - amulet of Checkmate {Regen+ MP+9 Dex+6} Stlth
                     s - ring of willpower
HPRegen 1.24/turn    u - ring of poison resistance
MPRegen 0.24/turn

%: no passive effects
@: paralysed, corroded, studying Polearms
A: horns 2, retaliatory headbutt
a: Renounce Religion, Heroism, Finesse, Duel


You were on level 1 of the Spider Nest.
You worshipped Okawaru.
Okawaru was exalted by your worship.
You visited 5 branches of the dungeon, and saw 25 of its levels.
You also visited: Ossuary, Gauntlet and Volcano.

You collected 3504 gold pieces.
You spent 752 gold pieces at shops.

Inventory:

Hand Weapons
 a - a +4 demon blade of venom (weapon)
 b - a +2 long sword
 c - a +2 spear of flaming
Armour
 d - the +4 tower shield "Eschuhyq" (worn) {SInv}
   (Okawaru gifted it to you on level 9 of the Dungeon)

   SInv:      It lets you see invisible.
 k - the +3 crystal plate armour "Qokiel" {rC+}
   (Okawaru gifted it to you on level 1 of the Elven Halls)

   rC:        It protects you from cold.
 o - the +2 pair of slick slippers (worn) {slick, slippery, EV+4}
   (You bought it in a shop on level 2 of the Orcish Mines)

   Slick:     Its wearer cannot be constricted, engulfed, netted or webbed.
   Slippery:  Its wearer slips away from damaging melee attacks, pulling the
   attacker onward.
   EV:        It affects your evasion (+4).
 N - the +1 chain mail of the Vaults (worn) {Slay+3}
   (You found it on level 11 of the Dungeon)

   Slay:      It affects your accuracy & damage with ranged weapons and melee
   (+3).
 P - a +2 pair of gloves (worn)
 Q - the +2 hat of Xyall (worn) {rElec Will+ MP+9}
   (You found it in a Gauntlet)

   rElec:     It insulates you from electricity.
   MP:        It affects your magic capacity (+9).
   Will:      It increases your willpower.
Jewellery
 j - an amulet of guardian spirit
 l - a ring of resist corrosion
 p - the dreamshard necklace {*Dream Drain}
   (You found it on level 1 of the Elven Halls)

   [amulet of nothing]

   *Dream:    It shatters if its wearer takes lethal or near-lethal damage,
   preventing the blow and releasing protective dreams that heal and fight for
   the wearer.
   Drain:     It drains your maximum health when unequipped.
 s - a ring of willpower (left hand)
 t - the amulet of Checkmate (around neck) {Regen+ MP+9 Dex+6}
   (You found it on level 5 of the Dungeon)

   [amulet of regeneration]

   Dex:       It affects your dexterity (+6).
   MP:        It affects your magic capacity (+9).
   Regen:     It increases your rate of health regeneration.
 u - a ring of poison resistance (right hand)
 V - the ring "Fibbirr" {rPois Will+ Int+8 Dex-4 SInv}
   (You found it in a Gauntlet)

   [ring of willpower]

   Int:       It affects your intelligence (+8).
   Dex:       It affects your dexterity (-4).
   rPois:     It protects you from poison.
   SInv:      It lets you see invisible.
   Will:      It increases your willpower.
Wands
 f - a wand of iceblast (6)
 r - a wand of mindburst (5)
 E - a wand of digging (2)
Scrolls
 e - 3 scrolls of teleportation
 g - a scroll of acquirement
 h - a scroll of enchant weapon
 n - 2 scrolls of brand weapon
 q - 7 scrolls of immolation
 v - a scroll of magic mapping
 K - 4 scrolls of poison
 M - 3 scrolls of identify
Potions
 i - 3 potions of heal wounds
 m - a potion of magic
 x - a potion of berserk rage
 B - 2 potions of might
 D - 11 potions of curing
 F - a potion of flight
 O - a potion of resistance
 R - 7 potions of haste
 T - 4 potions of mutation


   Skills:
 + Level 15.3 Fighting
 + Level 17.5 Long Blades
 + Level 3.3 Polearms
 + Level 14.4 Armour
 + Level 8.8 Dodging
 + Level 2.0 Stealth
 + Level 22.0 Shields
 + Level 2.3 Invocations
 + Level 1.4 Evocations


You had 15 spell levels left.
You didn't know any spells.
Your spell library contained the following spells:

 Spells                   Type           Power      Damage    Failure   Level
 Beastly Appendage        Tmut           0%         N/A       93%         1
 Magic Dart               Conj           0%         1d3       93%         1
 Necrotise                Necr           0%         1d4       93%         1
 Sting                    Tmut/Pois      0%         1d3       93%         1
 Blink                    Tloc           0%         N/A       98%         2
 Lesser Beckoning         Tloc           0%         N/A       98%         2
 Momentum Strike          Conj/Tloc      0%         3d8       98%         2
 Poisonous Vapours        Pois/Air       0%         N/A       98%         2
 Searing Ray              Conj           0%         2d4       98%         2
 Sublimation of Blood     Necr           0%         N/A       98%         2
 Wereblood                Tmut           0%         N/A       98%         2
 Gell's Gravitas          Tloc           0%         N/A       100%        3
 Hailstorm                Conj/Ice       0%         3d3       100%        3
 Ignite Poison            Fire/Tmut/Pois 0%         N/A       100%        3
 Mephitic Cloud           Conj/Pois/Air  0%         N/A       100%        3
 Spider Form              Tmut/Pois      0%         N/A       100%        3
 Teleport Other           Tloc           0%         N/A       100%        3
 Vampiric Draining        Necr           0%         2d6       100%        3
 Fulminant Prism          Conj/Hex       0%         3d5       100%        4
 Ice Form                 Ice/Tmut       0%         N/A       100%        4
 Iskenderun's Mystic Bla  Conj/Tloc      0%         2d3       100%        4
 Olgreb's Toxic Radiance  Pois           0%         N/A       100%        4
 Passage of Golubria      Tloc           0%         N/A       100%        4
 Sticky Flame             Conj/Fire      0%         2d3       100%        4
 Agony                    Necr           0%         N/A       100%        5
 Freezing Cloud           Conj/Ice/Air   0%         6-21      100%        5
 Silence                  Hex/Air        0%         N/A       100%        5
 Dispersal                Tloc           0%         N/A       100%        6
 Ignition                 Fire           0%         3d3       100%        8
 Lehudib's Crystal Spear  Conj/Erth      0%         10d2      100%        8
 Chain Lightning          Conj/Air       0%         N/A       100%        9
 Fire Storm               Conj/Fire      0%         5d1       100%        9
 Shatter                  Erth           0%         3d5*      100%        9
 Simulacrum               Ice/Necr       Unusable   N/A       N/A         6
 Summon Hydra             Summ           Unusable   N/A       N/A         7

Dungeon Overview and Level Annotations

Branches:
Dungeon (15/15)            Temple (0/1) D:6            Lair (5/5) D:9
 Shoals (0/4) Lair:3       Spider (1/4) Lair:2        Slime (0/5) Lair:5
    Orc (2/2) D:9             Elf (2/3) Orc:2        Vaults (0/5) D:13
 Depths (0/4) D:15        Ossuary (visited)         Volcano (visited)
Gauntlet (visited)

Altars:
Elyvilon
Fedhas
Okawaru
Qazlal
Ru
Vehumet
Xom
Jiyva

Shops:
D:13 *   D:15 *   Orc:2 *?[[

Annotations:
Lair:3 Casa
Spider:1 KamiKatze's ghost, journeyman FeCj
Elf:2 5 runed translucent doors


Innate Abilities, Weirdness & Mutations

You have a pair of horns on your head.
You reflexively headbutt those who attack you in melee.


Message History

The wolf spider looks as sick as possible!
You headbutt the wolf spider!
The wolf spider is severely wounded.
You block the redback's attack. The wolf spider hits you!!
* * * LOW HITPOINT WARNING * * *
You block the wolf spider's attack. The redback bites you!
* * * LOW HITPOINT WARNING * * *
Unknown command.
As you read the scroll of fear, it crumbles to dust.
You assume a fearsome visage.
The wolf spider looks frightened!
The redback resists with some effort.
The jumping spider looks frightened!
The redback looks frightened! x2; The jumping spider leaps!
You block the redback's attack.
The jumping spider leaps!
You block the redback's attack.
Unknown command.
You block the redback's attack.
You kill the wolf spider!
Okawaru accepts your kill. You block the redback's attack.
The jorogumo attacks as you move away! You block the jorogumo's attack.
The jumping spider's many legs skitter faintly.
The jumping spider leaps!
The jorogumo attacks as you move away! The jorogumo hits you.
* * * LOW HITPOINT WARNING * * *
You suddenly lose the ability to move!
The jumping spider pounces on you.
* * * LOW HITPOINT WARNING * * *
The jumping spider bites you but does no damage.
The jorogumo stares at you and mumbles some strange words.
The stream of webbing hits you but does no damage.
The jumping spider pounces on you.
* * * LOW HITPOINT WARNING * * *
The jumping spider bites you but does no damage.
The jumping spider pounces on you but does no damage.
The jumping spider bites you but does no damage.
The redback seems to regain its courage.
The jumping spider pounces on you but does no damage.
The jumping spider barely misses you. The redback bites you!
* * * LOW HITPOINT WARNING * * *
You slip backwards!
The jumping spider pounces on you!
You die...

#..............#Wy###.
....#.........†#B.....
........(....†.#......
..#......#.†...############
.........#.s...........s..
....#....^.#<..............
..?..............#.........
..#.........#.†.#.......#.
. #..#.#.......@H^.#..#..
..^.....#....#ss...#.#..
..#..........#..#.....#
#.......#..^..#........
..(^#..^.#.....#......
......#...†#.#..#..#..
....#...#.......#
..#......##..... ........
.....#


You could see a jorogumo, a jumping spider and 2 redbacks.

Vanquished Creatures
  Jorgrun (D:15)
  An orc warlord (Orc:1)
  The ghost of fedoskokos the Crack Shot, a journeyman BaHu of Hepliaklqana (Orc:1)
  Nessos (D:13)
  A minotaur (Gauntlet)
  3 deep elf annihilators (Elf:2)
  An ettin (D:15)
  2 deep elf high priests
  An entropy weaver (Spider:1)
  Fannar (D:12)
  5 centaur warriors
  The ghost of Graphine the Nimble, a journeyman MfMo of Qazlal (D:9)
  2 two-headed ogres (D:13)
  4 catoblepae (Lair:5)
  8 hydras
  2 boulder beetles
  12 dancing weapons
  An alligator (Lair:4)
  3 tengu warriors
  5 death yaks (Lair:5)
  5 orc high priests (Orc:2)
  6 deep elf knights
  A hell knight (Volcano)
  Amaemon (Lair:3)
  A wretched star (Gauntlet)
  2 skysharks
  A goliath frog (Lair:4)
  An iron troll (D:13)
  5 large abominations (D:9)
  Lodul (D:13)
  2 orb spiders (Spider:1)
  2 wizards
  A glowing orange brain (Gauntlet)
  3 swamp dragons (Lair:4)
  5 wolf spiders
  Pikel (D:8)
  2 deep elf archers
  14 deep elf zephyrmancers
  2 necromancers
  A steelbarb worm (Lair:2)
  15 orc knights
  12 ugly things
  17 deep elf pyromancers
  4 manticores
  An orc sorcerer (D:15)
  5 cyclopes
  A gargoyle (D:11)
  6 elephants (Lair:4)
  4 black mambas
  A guardian serpent (shapeshifter) (D:13)
  Maggie (Lair:1)
  8 cane toads
  An orange demon (Lair:3)
  A rime drake (Lair:2)
  A kobold demonologist (D:10)
  6 komodo dragons
  A tengu conjurer (D:14)
  7 trolls
  3 polar bears
  2 meliai (D:14)
  9 blink frogs
  3 tarantellas
  A tyrant leech (Lair:4)
  9 small abominations
  11 jumping spiders
  5 dream sheep (Lair:3)
  14 slime creatures
  5 water elementals
  A shadow (D:10)
  A culicivora (Lair:2)
  A wraith (D:11)
  An air elemental (Elf:1)
  11 wyverns
  9 basilisks
  57 yaks
  A fire elemental (Elf:2)
  22 vampire mosquitoes
  2 steam dragons
  11 redbacks
  2 swamp worms (Lair:4)
  3 wargs (Orc:1)
  3 acid dragons
  15 water moccasins
  A sky beast (D:7)
  A swamp drake (Lair:4)
  4 ice beasts
  4 black bears
  42 orc warriors
  17 ogres
  16 centaurs
  2 wolves (D:9)
  A phantom (D:5)
  An elf zombie (Ossuary)
  5 kobold brigands
  12 bullfrogs
  A gnoll sergeant (D:11)
  5 scorpions
  3 earth elementals
  4 wights (D:8)
  9 electric eels
  27 killer bees
  3 howler monkeys
  3 hounds
  7 jellies
  2 gnoll boudas (D:8)
  36 orc priests
  3 iguanas
  16 orc wizards
  2 sleepcaps (D:5)
  Ijyb (D:4)
  An ogre zombie (D:8)
  2 mummies (Ossuary)
  Robin (D:2)
  4 adders
  13 gnolls
  5 white imps
  A worm (D:3)
  2 dart slugs
  95 orcs
  10 ball pythons
  6 endoplasms
  5 giant cockroaches
  7 gnoll zombies
  27 goblins
  9 hobgoblins
  5 jackals
  27 kobolds
  5 quokkas
  5 bats
  A frilled lizard (D:1)
  3 goblin zombies (Ossuary)
  5 orc zombies (Ossuary)
  2 rats
876 creatures vanquished.

Vanquished Creatures (others)
  A goliath frog (Lair:4)
  A bat (D:2)
2 creatures vanquished.

Grand Total: 878 creatures vanquished

Notes
Turn   | Place    | Note
-------+----------+-------------------------------------------
     0 | D:1      | Peloso the Minotaur Fighter began the quest for the Orb.
     0 | D:1      | Reached XP level 1. HP: 19/19 MP: 0/0
    86 | D:1      | Reached XP level 2. HP: 24/27 MP: 1/1
   887 | D:2      | Reached XP level 3. HP: 29/33 MP: 2/2
   999 | D:2      | Reached skill level 4 in Shields
  1081 | D:2      | Noticed Robin
  1088 | D:2      | Killed Robin
  1105 | D:2      | Reached XP level 4. HP: 8/40 MP: 3/3
  2075 | D:3      | Found a faded altar of an unknown god.
  2178 | D:3      | Identified a scroll of acquirement
  2304 | D:4      | Reached XP level 5. HP: 17/47 MP: 4/4
  2484 | D:4      | Noticed a centaur
  2491 | D:4      | Killed a centaur
  2492 | D:4      | Reached skill level 5 in Armour
  2492 | D:4      | Reached skill level 1 in Dodging
  2775 | D:4      | Reached skill level 5 in Long Blades
  2775 | D:4      | Found an iron altar of Okawaru.
  2783 | D:4      | Became a worshipper of Warmaster Okawaru
  2963 | D:4      | Noticed Ijyb
  2991 | D:4      | Killed Ijyb
  2992 | D:4      | Reached XP level 6. HP: 34/53 MP: 5/5
  3283 | D:5      | Entered Level 5 of the Dungeon
  3603 | D:5      | Identified the amulet of Checkmate {Regen+ MP+9 Dex+6}
  3613 | D:5      | Reached * piety under Okawaru
  3614 | D:5      | Reached skill level 5 in Fighting
  3614 | D:5      | Reached XP level 7. HP: 55/61 MP: 6/6
  4030 | D:5      | Reached ** piety under Okawaru
  4031 | D:5      | Reached XP level 8. HP: 67/69 MP: 7/7
  4185 | D:6      | Found a staircase to the Ecumenical Temple.
  5194 | D:7      | Reached *** piety under Okawaru
  5395 | D:7      | Found a sand-covered staircase.
  5404 | Ossuary  | Entered an ossuary
  5423 | Ossuary  | Reached XP level 9. HP: 75/78 MP: 8/8
  5432 | Ossuary  | Reached skill level 5 in Shields
  5772 | D:7      | Reached skill level 10 in Long Blades
  5803 | D:7      | Reached **** piety under Okawaru
  5804 | D:7      | Reached skill level 6 in Shields
  6257 | D:8      | Found a transporter.
  6299 | D:8      | Found a transporter.
  6614 | D:8      | Found a sacrificial altar of Ru.
  6828 | D:8      | Noticed Pikel
  6858 | D:8      | Killed Pikel
  6959 | D:9      | Reached XP level 10. HP: 83/88 MP: 9/9
  6978 | D:9      | Reached ***** piety under Okawaru
  7056 | D:9      | Found a staircase to the Orcish Mines.
  7450 | D:9      | Identified the +4 tower shield "Eschuhyq" {SInv} (Okawaru
                  | gifted it to you on level 9 of the Dungeon)
  7450 | D:9      | Received a gift from Okawaru
  7451 | D:9      | Found a staircase to the Lair.
  7476 | D:9      | Reached skill level 7 in Shields
  7504 | D:9      | Reached skill level 10 in Armour
  7504 | D:9      | Reached skill level 5 in Dodging
  7811 | D:9      | Found a shimmering altar of Xom.
  7811 | D:9      | Noticed Graphine's ghost (journeyman MfMo)
  7812 | D:9      | Found a runed translucent door.
  7812 | D:9      | Noticed a +1 hand axe of chaos
  8060 | D:9      | Noticed a wizard
  8067 | D:9      | Killed a wizard
  8068 | D:9      | Reached skill level 8 in Shields
  8078 | D:9      | Noticed a large abomination
  8129 | D:9      | Killed a large abomination
  8130 | D:9      | Reached XP level 11. HP: 85/95 MP: 10/10
  8152 | D:9      | Reached skill level 9 in Shields
  8226 | D:9      | Got the Octavo of Assaults
  8227 | D:9      | Identified the +10 broad axe "Sietir" {spect, rElec Str+4
                  | Int-5 SInv}
  8233 | D:9      | Identified the +9 great sword of Zyadel {heavy, Fragile
                  | rPois Dex+2}
  8346 | D:10     | Entered Level 10 of the Dungeon
  8531 | D:10     | Found a white marble altar of Elyvilon.
  8713 | D:10     | Reached skill level 1 in Stealth
  8750 | D:10     | Reached skill level 10 in Shields
  9340 | D:11     | Identified the +4 cloak "Cikhlaud" {Harm rC+ Dex-4}
                  | (Okawaru gifted it to you on level 11 of the Dungeon)
  9340 | D:11     | Received a gift from Okawaru
  9350 | D:11     | Reached skill level 11 in Shields
  9485 | D:11     | Identified the +1 chain mail of the Vaults {Slay+3}
  9716 | D:11     | Noticed a sea snake
 10067 | Lair:1   | Entered Level 1 of the Lair of Beasts
 10213 | Lair:1   | Reached skill level 12 in Shields
 10213 | Lair:1   | Reached XP level 12. HP: 106/106 MP: 11/11
 10343 | Lair:1   | Reached skill level 10 in Fighting
 10670 | Lair:1   | Noticed Maggie
 10685 | Lair:1   | Killed Maggie
 10852 | Lair:2   | Found a hole to the Spider Nest.
 11012 | Lair:2   | Found a dark tunnel.
 11023 | Volcano  | Entered a volcano
 11053 | Volcano  | Noticed a centaur warrior
 11056 | Volcano  | Found a radiant altar of Vehumet.
 11105 | Volcano  | Reached skill level 13 in Shields
 11181 | Volcano  | Killed a centaur warrior
 11365 | Lair:2   | Identified the +8 spear "Leataebb" {heavy, rC+ Will+ Str+3
                  | Dex+4} (Okawaru gifted it to you on level 2 of the Lair of
                  | Beasts)
 11365 | Lair:2   | Received a gift from Okawaru
 12054 | Lair:3   | Noticed Amaemon
 12069 | Lair:3   | Killed Amaemon
 12113 | Lair:3   | Identified the +0 leather armour "Qoell" {Dex+3}
 12140 | Lair:3   | Reached skill level 14 in Shields
 12318 | Lair:3   | Noticed a five-headed hydra
 12404 | Lair:3   | Killed a five-headed hydra
 12462 | Lair:3   | Noticed an eight-headed hydra
 12633 | Lair:2   | Killed an eight-headed hydra
 12762 | Lair:3   | Found a staircase to the Shoals.
 12807 | Lair:3   | Reached skill level 1 in Polearms
 13538 | D:12     | Noticed Fannar
 13564 | D:12     | Killed Fannar
 13565 | D:12     | Reached XP level 13. HP: 69/116 MP: 12/12
 13735 | D:12     | Identified the +9 chain mail of a sewer {Harm Int-3 Slay+3}
 13869 | D:12     | Received a gift from Okawaru
 14699 | Orc:1    | Entered Level 1 of the Orcish Mines
 14736 | D:9      | Reached ****** piety under Okawaru
 14765 | Orc:1    | Reached skill level 15 in Shields
 14852 | Orc:1    | Found a runed translucent gate.
 14852 | Orc:1    | Found a runed translucent gate.
 14856 | Orc:1    | Found a runed translucent gate.
 14871 | Orc:1    | Identified the +1 plate armour "Ruskup" {-Tele rElec Int+4}
 14871 | Orc:1    | Noticed fedoskokos's ghost (journeyman BaHu)
 15025 | Orc:1    | Identified the +0 long sword of the Cursing Blowfly {pain,
                  | rF- Will+ MP+9 SInv}
 15025 | Orc:1    | Identified the +0 scale mail of the Sun {Str+3}
 15089 | Orc:1    | Killed fedoskokos's ghost
 15168 | Orc:1    | Reached skill level 1 in Invocations
 15287 | Orc:1    | Identified the +0 helmet "Qehaz" {Will+}
 15325 | Orc:2    | Entered Level 2 of the Orcish Mines
 15432 | Orc:2    | Found a staircase to the Elven Halls.
 15719 | Orc:1    | Identified the +0 scale mail of the Wary Stories {rN+
                  | Will+} (Okawaru gifted it to you on level 1 of the Orcish
                  | Mines)
 15719 | Orc:1    | Received a gift from Okawaru
 15944 | Orc:2    | Reached skill level 16 in Shields
 16093 | Orc:1    | Reached skill level 15 in Long Blades
 16415 | Orc:2    | Found Ida Erroo's General Store.
 16417 | Orc:2    | Found Ycofuamn's Antique Armour Boutique.
 16417 | Orc:2    | Found Kioseewa's Armour Shop.
 16418 | Orc:2    | Found Zucsee Ufyss's Magic Scroll Boutique.
 16433 | Orc:2    | Bought the +2 pair of slick slippers {slick, slippery,
                  | EV+4} for 536 gold pieces
 16433 | Orc:2    | Found the +2 pair of slick slippers {slick, slippery, EV+4}
 16444 | Orc:2    | Bought a scroll of magic mapping for 82 gold pieces
 16444 | Orc:2    | Bought a scroll of identify for 22 gold pieces
 16444 | Orc:2    | Bought a scroll of identify for 22 gold pieces
 16461 | Orc:2    | Bought a potion of curing for 42 gold pieces
 16663 | Orc:1    | Found a radiant altar of Vehumet.
 16682 | Orc:1    | Noticed an orc warlord
 16712 | Orc:1    | Killed an orc warlord
 16712 | Orc:1    | Identified the +8 plate armour of the Cockroach {Harm
                  | Rampage} (Okawaru gifted it to you on level 1 of the Orcish
                  | Mines)
 16712 | Orc:1    | Received a gift from Okawaru
 16713 | Orc:1    | Reached XP level 14. HP: 69/127 MP: 13/13
 17318 | D:13     | Found Lubaatz's General Store.
 17320 | D:13     | Noticed Nessos
 17353 | D:13     | Killed Nessos
 17354 | D:13     | Reached skill level 17 in Shields
 17372 | D:13     | Bought a scroll of fear for 48 gold pieces
 17474 | D:13     | Found a gate to the Vaults.
 17642 | D:13     | Noticed Lodul
 17647 | D:13     | Killed Lodul
 17956 | D:13     | Found a stormy altar of Qazlal.
 18863 | D:14     | Reached skill level 18 in Shields
 18973 | D:14     | You fall into a shaft and drop 1 floor!
 18973 | D:15     | Entered Level 15 of the Dungeon
 19117 | D:15     | Received a gift from Okawaru
 19135 | D:15     | Found a staircase to the Depths.
 20238 | D:9      | Killed Graphine's ghost
 20355 | Lair:4   | Found a gate leading to a gauntlet.
 20402 | Gauntlet | Entered a Gauntlet
 20402 | Gauntlet | Found a transporter.
 20405 | Gauntlet | Found a transporter.
 20407 | Gauntlet | Found a transporter.
 20407 | Gauntlet | Found a transporter.
 20410 | Gauntlet | Found a transporter.
 20411 | Gauntlet | Found a transporter.
 20423 | Gauntlet | Found a transporter.
 20424 | Gauntlet | Found a transporter.
 20453 | Gauntlet | Found a runed translucent door.
 20454 | Gauntlet | Found a transporter.
 20454 | Gauntlet | Found a transporter.
 20457 | Gauntlet | Found a transporter.
 20465 | Gauntlet | Found a runed translucent door.
 20483 | Gauntlet | Found a transporter.
 20706 | Gauntlet | Reached XP level 15. HP: 136/136 MP: 15/15
 20710 | Gauntlet | Reached skill level 19 in Shields
 20714 | Gauntlet | Identified the +0 hat of Miracles {Harm rPois rC++ Stlth-}
 20747 | Gauntlet | Identified the +2 hat of Xyall {rElec Will+ MP+9}
 20878 | Gauntlet | Identified the staff of fire "Qaxos" {rElec rF+ rC+ rCorr}
 20905 | Gauntlet | Identified the ring "Fibbirr" {rPois Will+ Int+8 Dex-4
                  | SInv}
 21041 | Lair:4   | Received a gift from Okawaru
 21870 | D:15     | Noticed Jorgrun
 21885 | D:15     | Killed Jorgrun
 21977 | D:15     | Found Aphex's General Store.
 22002 | D:15     | Identified the -1 hat "Ikonam" {+Inv} (Okawaru gifted it to
                  | you on level 15 of the Dungeon)
 22002 | D:15     | Received a gift from Okawaru
 22204 | D:15     | Found a blossoming altar of Fedhas.
 22606 | Lair:5   | Entered Level 5 of the Lair of Beasts
 22606 | Lair:5   | Found a viscous altar of Jiyva.
 22606 | Lair:5   | Found a staircase to the Slime Pits.
 22790 | Lair:5   | Reached skill level 20 in Shields
 24302 | Elf:1    | Entered Level 1 of the Elven Halls
 24593 | Elf:1    | Paralysed by an air elemental for 1 turns
 24688 | Elf:1    | Reached skill level 1 in Evocations
 24915 | Elf:1    | Identified the +3 crystal plate armour "Qokiel" {rC+}
                  | (Okawaru gifted it to you on level 1 of the Elven Halls)
 24915 | Elf:1    | Received a gift from Okawaru
 24916 | Elf:1    | Reached XP level 16. HP: 147/147 MP: 16/16
 24982 | Elf:1    | Reached skill level 21 in Shields
 24997 | Elf:1    | Found the dreamshard necklace {*Dream Drain}
 25461 | Elf:2    | HP: 7/147 [deep elf high priest/+0 long sword of holy wrath
                  | (12)]
 25466 | Elf:2    | HP: 5/147 [poisoned by a deep elf annihilator (poison
                  | arrow)]
 25882 | Elf:1    | Reached skill level 15 in Fighting
 25999 | Elf:2    | Found a huge runed translucent gate.
 25999 | Elf:2    | Found a huge runed translucent gate.
 25999 | Elf:2    | Found a huge runed translucent gate.
 25999 | Elf:2    | Found a huge runed translucent gate.
 26001 | Elf:2    | Found a huge runed translucent gate.
 26516 | Spider:1 | Entered Level 1 of the Spider Nest
 26722 | Lair:2   | Identified the -1 pair of gloves "Miotoe Lurph" {rElec}
                  | (Okawaru gifted it to you on level 2 of the Lair of Beasts)
 26722 | Lair:2   | Received a gift from Okawaru
 26803 | Spider:1 | Noticed KamiKatze's ghost (journeyman FeCj)
 26838 | Spider:1 | Reached skill level 22 in Shields
 26862 | Spider:1 | Paralysed by a jorogumo for 3 turns
 26864 | Spider:1 | Mangled by a jumping spider

Illustrated notes

Levels and vault maps discovered:
D:1:      eino_arrival_water_star, layout_basic, minmay_vboxes
D:2:      layout_basic, serial_glass, glass_columns_a, glass_columns_a,
          uniq_robin
D:3:      layout_basic, shapermc_ecumenical_altar_notcrosses
D:4:      kennysheep_goblin_castle, layout_loops_ring,
          okawaru_altar_gauntlet_db, kennysheep_generic_room_8
D:5:      layout_loops_cross, nicolae_overflow_hidden_temple
D:6:      layout_rooms, minmay_temple_entry_trees, minmay_hedge_maze
D:7:      layout_loops_corners, enter_ossuary_1
D:8:      gammafunk_cloud_chamber, layout_cave_pools, nicolae_ru_path_of_blood,
          uniq_pikel
D:9:      layout_basic, minmay_lair_entry_grove, orc_0_dummy, ebering_ghost_xom,
          laboratory
D:10:     layout_roguey, elyvilon_altar_1
D:11:     layout_basic, serial_aquarium, aquarium_bridge_straight
          [aquarium_subvault_bridge, aquarium_subvault_wall,
          aquarium_subvault_bridge, aquarium_subvault_balcony],
          aquarium_bridge_island_small [aquarium_subvault_small_open,
          aquarium_subvault_bridge, aquarium_subvault_window,
          aquarium_subvault_wall, aquarium_subvault_wall], aquarium_window_2,
          aquarium_window_1, aquarium_window_corner, aquarium_window_fake,
          aquarium_view_2g, aquarium_view_2e, aquarium_pool_side
D:12:     layout_stronghold, feat_on_display, uniq_fannar
D:13:     layout_rooms, david_vaults_4, serial_bayou, serial_bayou_pond_c,
          serial_bayou_lagoon_b, serial_bayou_lagoon_a, serial_bayou_pond_b,
          serial_bayou_shore_b, serial_shops, shop,
          nicolae_qazlal_eye_of_the_storm, uniq_nessos, uniq_lodul
D:14:     layout_basic, nicolae_figureground_sparkle, minivault_5, eino_jars
D:15:     hangedman_depths_entry_civil_slaughter, layout_gridville,
          fedhas_altar_4, serial_shops, shop, uniq_jorgrun
Lair:1:   layout_layer_cave, uniq_maggie
Lair:2:   layout_chaotic_city, spider_nest_entry_rubble, enter_volcano_2,
          patterned_corridor
Lair:3:   layout_big_grid, minmay_shoals_entry_centaurs, uniq_amaemon
Lair:4:   onia_ninara_swampy_vault, layout_big_grid, gauntlet_entry_generic
Lair:5:   evilmike_catoblepas_cave, layout_regular_city,
          nicolae_slime_entry_field_trip, minivault_19
Spider:1: layout_spider_delve, gammafunk_ghost_mausoleum,
          nicolae_spider_undead_wolf_pack
Orc:1:    layout_diamond_mine, basic_altar, biasface_ghost_orc_armoury
Orc:2:    st_orc_pillars, layout_diamond_mine
Elf:1:    eino_elf_arrival_shootout, layout_geoelf_diagonals,
          kennysheep_underground_church
Elf:2:    elven_hall_of_blades_hangedman_alternative
          [nooodl_blade_entry_preview], layout_loops_cross,
          lemuel_upstairs_altar

Skill      XL: |  1  2  3  4  5  6  7  8  9 10 11 12 13 14 15 16 |
---------------+-------------------------------------------------+-----
Armour         | 4 5 6 7 9 10 11 12 13 14 | 14.4
Fighting       | 4 5 6 7 8 9 11 12 13 14 15 | 15.3
Long Blades    | 3 4 5 6 7 9 11 12 13 14 15 16 17 | 17.5
Shields        | 4 6 8 12 14 16 18 20 22 | 22.0
Dodging        | 1 2 3 4 5 6 7 8 |  8.8
Stealth        | 1 2 |  2.0
Polearms       | 1 3 |  3.3
Invocations    | 1 2 |  2.3
Evocations     | 1 |  1.4

Action                     |  1- 3 |  4- 6 |  7- 9 | 10-12 | 13-15 | 16-18 || total
---------------------------+-------+-------+-------+-------+-------+-------++-------
  Melee: Long sword        |    86 |   156 |   138 |       |       |       ||   380
         Headbutt          |    10 |    23 |   105 |   294 |   413 |    84 ||   929
         Falchion          |       |       |   275 |  1069 |    70 |       ||  1414
         Spear             |       |       |       |    21 |    39 |       ||    60
         Demon blade       |       |       |       |       |  1341 |   294 ||  1635
 Invoke: Heroism           |       |       |     2 |    12 |    21 |       ||    35
  Evoke: Wand              |       |       |       |     4 |     6 |       ||    10
    Use: Potion            |     3 |       |       |     4 |     4 |       ||    11
         Scroll            |       |     6 |     3 |     8 |    14 |     3 ||    34
 Armour: Scale mail        |    57 |    93 |    85 |       |       |       ||   235
         Chain mail        |       |       |    47 |   196 |   283 |    57 ||   583
         Plate armour      |       |       |       |    57 |       |       ||    57
         Fire dragon scale |       |       |       |    28 |       |       ||    28
  Dodge: Dodged            |    53 |    81 |   166 |   240 |   437 |   103 ||  1080
  Block: Buckler           |    19 |    35 |   106 |    34 |       |       ||   194
         Tower shield      |       |       |       |   965 |  1742 |   315 ||  3022
